 Dungeon Crawl Stone Soup version 0.17.1-1-g73c8601 (webtiles) character file.

686 shmeve the Skirmisher (level 7, -1/61 HPs)
             Began as a White Draconian Fighter on Apr 15, 2016.
             Was an Initiate of Trog.
             Slain by Nathanielran1005's ghost (16 damage)
             ... on level 6 of the Dungeon.
             The game lasted 00:09:53 (5104 turns).

shmeve the Skirmisher (White Draconian Fighter)     Turns: 5104, Time: 00:09:54

Health: -1/61      AC:  7    Str: 20    XL:     7   Next: 35%
Magic:  7/7        EV: 11    Int:  9    God:    Trog [......]
Gold:   214        SH:  9    Dex: 10    Spells: 0 memorised, 6 levels left

rFire  . . .     SeeInvis .     a - +0 war axe
rCold  + . .     Clarity  .     (armour unavailable)
rNeg   . . .     SustAt   .     b - +0 shield
rPois  .         Gourm    .     (helmet restricted)
rElec  .         Spirit   .     (no cloak)
rCorr  .         Warding  .     v - +0 pair of gloves (curse)
rMut   .         Stasis   .     (no boots)
MR     .....                    (no amulet)
Stlth  ++........               (no ring)
                                (no ring)

@: not resistant to hostile enchantments, unstealthy
A: breathe frost, unfitting armour, cold resistance 1, cold-blooded, AC +6
a: Breathe Frost, Burn Spellbooks, Renounce Religion


You were on level 6 of the Dungeon.
You worshipped Trog.
Trog was noncommittal.
You were hungry.

You visited 2 branches of the dungeon, and saw 7 of its levels.

You collected 214 gold pieces.

Inventory:

Hand Weapons
 a - a +0 war axe (weapon)
Armour
 b - a +0 shield (worn)
 v - a cursed +0 pair of gloves (worn)
Wands
 r - a wand of confusion (37)
Scrolls
 e - 3 scrolls of identify {unknown}
 f - 4 scrolls of remove curse {unknown}
 h - a scroll of fog {unknown}
 i - 2 scrolls of amnesia {unknown}
 j - 3 scrolls of recharging {unknown}
 m - a scroll of immolation {unknown}
 n - a scroll of noise {unknown}
 p - 2 scrolls of teleportation {unknown}
 q - a scroll of fear {unknown}
 w - a scroll of blinking {unknown}
 x - a scroll of torment {unknown}
Potions
 k - 3 potions of haste {unknown}
 l - a potion of degeneration {unknown}
 s - a potion of curing {unknown}
 u - a potion of lignification {unknown}
Comestibles
 c - 4 meat rations
 d - 5 bread rations
 g - a chunk of flesh
 o - 2 beef jerkies


   Skills:
 * Level 5.1 Fighting
 * Level 3.9 Axes
 * Level 4.6 Dodging
 + Level 2.6 Stealth
 * Level 4.8 Shields


You had 6 spell levels left.
You didn't know any spells.

Dungeon Overview and Level Annotations

Branches:
Dungeon (6/15)             Temple (1/1) D:5

Altars:
Ashenzari
Cheibriados
Dithmenos
Elyvilon
Fedhas
Kikubaaqudgha
Makhleb
Nemelex Xobeh
Okawaru
Qazlal
Ru
Trog
Vehumet
Xom
Yredelemnul
Zin

Annotations:
D:6 Nathanielran1005's ghost, amateur HOGl


Innate Abilities, Weirdness & Mutations

You can breathe waves of freezing cold.
You can buffet flying creatures when you breathe cold.
Your icy white scales are hard (AC +6).
Your body does not fit into most forms of armour.
Your flesh is cold resistant.
You are cold-blooded and may be slowed by cold attacks.


Message History

You hit Nathanielran1005's ghost but do no damage.
Nathanielran1005's ghost is almost destroyed.
Nathanielran1005's ghost hits you!
You hit Nathanielran1005's ghost but do no damage.
Nathanielran1005's ghost is almost destroyed.
You have got your breath back.
Nathanielran1005's ghost hits you!
* * * LOW HITPOINT WARNING * * *
You barely miss Nathanielran1005's ghost.
Nathanielran1005's ghost is almost destroyed.
Nathanielran1005's ghost hits you.
* * * LOW HITPOINT WARNING * * *
You block Nathanielran1005's ghost's attack.
You miss Nathanielran1005's ghost.
Nathanielran1005's ghost is almost destroyed.
Nathanielran1005's ghost completely misses you.
You hit Nathanielran1005's ghost but do no damage.
Nathanielran1005's ghost is almost destroyed.
Nathanielran1005's ghost hits you!
You die...

#......# ######.#
#.############......#
#.................#
##############>##.#
#.# #.# #.# # #.# ##
#@# .## #W# ..#####
#c# ......# #.#
..###.# ... .## .$.
## #.. # #)##


You could see a centaur and Nathanielran1005's ghost.

Vanquished Creatures
  2 ogres
  A scorpion (D:4)
  2 crimson imps
  A jelly (D:5)
  2 hounds
  An orc priest (D:3)
  4 worker ants
  8 adders
  An adder zombie (D:5)
  An ooze (D:5)
  3 worms
  2 giant geckos
  14 orcs
  3 giant cockroaches
  8 goblins
  3 hobgoblins
  16 jackals
  2 ball pythons (D:4)
  10 bats
  3 giant gecko skeletons
  10 giant newts
  5 kobolds
  A quokka zombie (D:5)
  14 rats
117 creatures vanquished.

Notes
Turn   | Place    | Note
--------------------------------------------------------------
     0 | D:1      | shmeve the Draconian Fighter began the quest for the Orb.
     0 | D:1      | Reached XP level 1. HP: 19/19 MP: 1/1
   136 | D:1      | Reached XP level 2. HP: 20/26 MP: 2/2
   522 | D:1      | Reached XP level 3. HP: 28/33 MP: 3/3
   889 | D:2      | Found a burning altar of Makhleb.
   889 | D:2      | Found a radiant altar of Vehumet.
  1318 | D:2      | Reached skill level 4 in Fighting
  1957 | D:3      | Reached XP level 4. HP: 40/40 MP: 4/4
  2031 | D:3      | Reached skill level 1 in Stealth
  2367 | D:3      | Reached XP level 5. HP: 36/46 MP: 5/5
  2886 | D:3      | Found a sparkling altar of Nemelex Xobeh.
  3053 | D:4      | Noticed an ogre
  3458 | D:4      | Found a shattered altar of Ashenzari.
  3484 | D:4      | Reached XP level 6. HP: 23/53 MP: 6/6
  3502 | D:4      | Killed an ogre
  3863 | D:5      | Entered Level 5 of the Dungeon
  4125 | D:5      | Found a staircase to the Ecumenical Temple.
  4234 | D:5      | Your scales start taking on an icy white colour.
  4234 | D:5      | Gained mutation: Your flesh is cold resistant. [White Draconian growth]
  4234 | D:5      | Reached XP level 7. HP: 42/60 MP: 7/7
  4446 | D:5      | Reached skill level 5 in Fighting
  4730 | Temple   | Entered the Ecumenical Temple
  4812 | Temple   | Became a worshipper of Trog the Wrathful
  5078 | D:6      | Noticed Nathanielran1005's ghost (amateur HOGl)
  5104 | D:6      | Slain by Nathanielran1005's ghost

Action                   |  1- 3 |  4- 6 |  7- 9 || total
-------------------------+-------+-------+-------++-------
Melee: War axe           |   136 |   198 |    65 ||   399
 Abil: Breathe Frost     |       |       |     7 ||     7
  Use: Potion            |       |     6 |     3 ||     9
 Stab: Sleeping          |     1 |     2 |       ||     3
  Eat: Chunk             |     3 |     9 |     3 ||    15
